AoeStats
← Albast6718

Black Forest

510246366Analyzed
3v3 RM · 1d ago on Sep 30, 2026· 84m 46s· 6 players
Game mode
Random Map
Map size
Normal (6 player)
Population
200
Speed
Normal
Resources
Standard
Victory
Conquest
Starting age
Dark Age
Ending age
Imperial Age
RankedLock teamsTeams togetherTeam positionsShared explorationLock speedFull tech treeHidden civsTurbo modeCheats
Victory
Defeat
🇨🇦 Japanese · Canada
813
+15
🇨🇦 Turks · Canada
787
+16
🇨🇦 Teutons · Canada
757
+16
🇺🇸 Koreans · United States
794
-16
🇺🇸 Romans · United States
784
-16
🇺🇸 Goths · United States
769
-15
VToti1991
1:33 Loom
17:12 Feudal Age
22:24 Castle Age
20:29 Double-Bit Axe
33:56 Stone Mining
34:02 Gold Mining
33:58 Horse Collar
35:50 Wheelbarrow
36:20 Bow Saw
36:22 Heavy Plow
37:05 Hand Cart
42:39 Imperial Age
41:12 Forging
41:03 Scale Mail Armor
44:50 Man-at-Arms
45:33 Squires
46:36 Iron Casting
55:19 Chemistry
54:41 Ballistics
54:19 Heavy Scorpion
Xtrem Elite
13:45 Feudal Age
21:22 Castle Age
19:44 Double-Bit Axe
19:46 Horse Collar
20:59 Loom
21:50 Wheelbarrow
26:30 Fletching
27:02 Bow Saw
27:10 Bodkin Arrow
31:56 Forging
31:52 Scale Barding Armor
32:09 Hand Cart
32:09 Gold Mining
32:09 Stone Mining
33:02 Ballistics
33:03 Fortified Wall
34:37 Gold Shaft Mining
34:38 Stone Shaft Mining
39:55 Imperial Age
41:38 Chemistry
46:27 Elite War Wagon
54:21 Two-Man Saw
53:41 Bracer
54:18 Iron Casting
53:44 Scale Mail Armor
53:20 Man-at-Arms
54:02 Squires
53:47 Arson
56:35 Pikeman
57:35 Chain Mail Armor
58:39 Halberdier
60:42 Plate Mail Armor
78:33 Long Swordsman
82:33 Two-Handed Swordsman
killer ELBOSS
0:45 Loom
14:15 Feudal Age
23:08 Castle Age
22:32 Horse Collar
22:43 Double-Bit Axe
24:46 Heavy Plow
27:51 Wheelbarrow
28:14 Bow Saw
29:33 Gold Mining
31:30 Ballistas
36:04 Gold Shaft Mining
38:16 Fletching
39:18 Padded Archer Armor
42:35 Bodkin Arrow
42:56 Leather Archer Armor
46:08 Hand Cart
50:34 Imperial Age
51:24 Husbandry
51:35 Bloodlines
52:42 Chemistry
52:03 Ballistics
51:11 Heavy Scorpion
53:18 Ring Archer Armor
52:55 Scale Barding Armor
53:01 Forging
57:26 Chain Barding Armor
57:42 Iron Casting
57:29 Light Cavalry
62:20 Plate Barding Armor
62:46 Blast Furnace
Albast6718
0:27 Loom
14:17 Feudal Age
16:09 Wheelbarrow
19:33 Castle Age
20:11 Double-Bit Axe
22:20 Gold Mining
24:06 Horse Collar
26:23 Wheelbarrow
27:29 Bow Saw
30:37 Heavy Plow
34:54 Imperial Age
35:43 Hand Cart
36:33 Conscription
37:53 Forging
37:45 Scale Mail Armor
39:23 Elite Teutonic Knight
40:54 Iron Casting
40:35 Chain Mail Armor
43:06 Blast Furnace
42:12 Squires
43:11 Cavalier
44:03 Bloodlines
45:47 Crenellations
45:45 Fletching
46:58 Scale Barding Armor
46:49 Bodkin Arrow
47:40 Plate Mail Armor
47:31 Paladin
48:36 Chain Barding Armor
49:26 Two-Man Saw
48:18 Town Watch
49:01 Caravan
51:22 Plate Barding Armor
52:00 Ballistics
51:51 Masonry
51:52 Fortified Wall
52:44 Chemistry
53:21 Town Patrol
53:04 Fishing Lines
53:31 Padded Archer Armor
58:52 Coinage
59:01 Crop Rotation
62:29 Siege Engineers
66:18 Arson
74:45 Guilds
75:05 Banking
75:50 Hoardings
76:07 Hoardings
83:33 Capped Ram
III Winston III
10:47 Loom
10:52 Loom
14:39 Feudal Age
15:53 Loom
16:01 Double-Bit Axe
19:12 Castle Age
19:24 Horse Collar
25:01 Imperial Age
23:52 Bow Saw
30:53 Wheelbarrow
34:43 Heavy Plow
35:58 Two-Man Saw
41:34 Hand Cart
42:26 Bombard Tower
43:51 Conscription
45:46 Scale Barding Armor
45:44 Padded Archer Armor
47:23 Artillery
48:25 Ballistics
51:47 Leather Archer Armor
51:39 Scale Barding Armor
51:44 Forging
54:38 Fortified Wall
54:41 Masonry
54:49 Caravan
55:04 Gold Mining
55:06 Stone Mining
56:30 Fletching
57:11 Ring Archer Armor
57:03 Chain Barding Armor
57:18 Iron Casting
59:46 Caravan
66:43 Bloodlines
66:34 Husbandry
72:11 Architecture
SuuSamuraii
7:41 Loom
11:35 Feudal Age
12:01 Double-Bit Axe
18:20 Castle Age
28:04 Scale Barding Armor
28:21 Bloodlines
30:22 Fortified Wall
33:02 Horse Collar
36:11 Imperial Age
34:01 Masonry
33:46 Fletching
35:02 Stone Mining
35:43 Forging
35:58 Gold Mining
36:29 Bow Saw
38:15 Wheelbarrow
41:06 Conscription
42:04 Fishing Lines
42:30 Heavy Plow
43:08 Murder Holes
46:41 Onager
48:59 Ballistics
49:24 Elite Samurai
54:06 Hand Cart
55:26 Caravan
55:39 Padded Archer Armor
55:49 Pikeman
56:15 Gambesons
56:30 Squires
56:16 Arson
56:21 Town Watch
56:44 Scale Mail Armor
56:52 Yasama
58:30 Halberdier
59:54 Iron Casting
58:45 Elite Skirmisher
59:32 Thumb Ring
61:07 Hoardings
60:53 Kataparuto
60:18 Treadmill Crane
61:39 Chemistry
60:55 Careening
60:56 Clinker Construction
60:52 Siege Engineers
60:39 Guard Tower
63:52 Blast Furnace
63:08 Chain Mail Armor
64:43 Heavy Cavalry Archer
65:50 Parthian Tactics
68:23 Two-Man Saw
68:42 Bodkin Arrow
69:02 Leather Archer Armor
69:18 Plate Mail Armor
69:09 Chain Barding Armor
68:45 Gillnets
82:19 Bracer
82:50 Ring Archer Armor
Connection lost

Rejoining the realm…

Still unreachable

The connection could not be restored.

Session expired

The server has moved on; the page needs a fresh start.